AoeStats
← [RZ] HardZeeiRa-BR

Arabia

510324163Analyzed
1v1 RM · 1d ago on Sep 30, 2026· 14m 47s· 2 players
Game mode
Random Map
Map size
Tiny (2 player)
Population
200
Speed
Normal
Resources
Standard
Victory
Conquest
Starting age
Dark Age
Ending age
Imperial Age
RankedLock teamsTeams togetherTeam positionsShared explorationLock speedFull tech treeHidden civsTurbo modeCheats
Victory
Defeat
🇹🇼 Mongols · Taiwan
1286
+14
🇧🇷 Magyars · Brazil
1241
-14
MS.
5:51 Loom
8:44 Feudal Age
9:24 Double-Bit Axe
9:33 Horse Collar
[RZ] HardZeeiRa-BR
6:13 Loom
9:02 Feudal Age
10:34 Double-Bit Axe
14:33 Horse Collar
Connection lost

Rejoining the realm…

Still unreachable

The connection could not be restored.

Session expired

The server has moved on; the page needs a fresh start.